 Dungeon Crawl Stone Soup version 0.28.0-53-g5a82cb258f (webtiles) character file.

Game seed: 682212617143523285

161 firemarshallily the Caller (level 5, -1/35 HPs)
             Began as a Merfolk Summoner on June 15, 2022.
             Was an Initiate of Yredelemnul.
             Engulfed by a steam dragon's steam (6 damage)
             ... on level 5 of the Dungeon on June 16, 2022.
             The game lasted 00:17:29 (4283 turns).

firemarshallily the Caller (Merfolk Summoner)       Turns: 4283, Time: 00:17:30

Health: -1/35      AC:  3    Str:  8    XL:     5   Next: 42%
Magic:  16/19      EV: 12    Int: 25    God:    Yredelemnul [......]
Gold:   152        SH:  0    Dex: 14    Spells: 4/10 levels left

rFire   . . .      SeeInvis +   c - +0 club
rCold   x . .      Faith    .   k - -4 buckler "Helaol" {rC- rCorr MP+9 Int+8}
rNeg    . . .      Spirit   .   a - +0 robe
rPois   .          Reflect  .   (no helmet)
rElec   .          Harm     .   l - +0 cloak
rCorr   +          Rampage  .   (no gloves)
Will    .....                   (no boots)
Stlth   ++........              (no amulet)
HPRegen 0.11/turn               (no ring)
MPRegen 0.16/turn               (no ring)

@: flying
A: (nimble swimmer 2), mertail, see invisible
a: Renounce Religion, Recall Undead Harvest


You were on level 5 of the Dungeon.
You worshipped Yredelemnul.
Yredelemnul was noncommittal.
You visited 1 branch of the dungeon, and saw 5 of its levels.

You collected 152 gold pieces.

Inventory:

Hand Weapons
 c - a +0 club (weapon)
Missiles
 g - 55 stones (quivered)
 i - 7 poisoned darts
Armour
 a - a +0 robe (worn)
 f - a +0 leather armour
 k - the -4 buckler "Helaol" (worn) {rC- rCorr MP+9 Int+8}
   (You acquired it on level 4 of the Dungeon)

   Int:       It affects your intelligence (+8).
   rC:        It makes you vulnerable to cold.
   MP:        It affects your magic capacity (+9).
   rCorr:     It protects you from acid and corrosion.
 l - a +0 cloak (worn)
Scrolls
 e - 2 scrolls of enchant armour {unknown}
 h - a scroll of enchant weapon {unknown}
 j - 4 scrolls of teleportation
 m - a scroll of fog {unknown}
Potions
 b - a potion of might
 d - 3 potions of mutation


   Skills:
 - Level 3.0 Dodging
 - Level 3.0 Stealth
 + Level 0.4 Shields
 * Level 3.4 Spellcasting
 * Level 5.2 Summonings


You had 4 spell levels left.
You knew the following spells:

 Your Spells              Type           Power      Damage    Failure   Level
a - Summon Small Mammal   Summ           100%       N/A       1%          1
b - Call Imp              Summ           30%        N/A       2%          2
c - Call Canine Familiar  Summ           30%        N/A       4%          3

Your spell library contained the following spells:

 Spells                   Type           Power      Damage    Failure   Level
 Summon Guardian Golem    Hex/Summ       17%        N/A       14%         3
 Summon Lightning Spire   Summ/Air       17%        N/A       41%         4


Dungeon Overview and Level Annotations

Branches:
Dungeon (5/15)
 Temple: D:4-7

Altars:
Yredelemnul

Annotations:
D:4 Sigmund


Innate Abilities, Weirdness & Mutations

((You are very nimble when in or above water. (Stealth+, EV+, Speed+++)))
Your lower body shifts to a powerful aquatic tail in water.
You have supernaturally acute eyesight. (SInv)


Message History

A steam dragon comes into view.
Found a scroll labelled HIYNUWNISU.
You see here a scroll labelled AKADAE JUOTI.
m - a scroll labelled AKADAE JUOTI
Casting: Call Imp (safe; 2% risk of failure)
Confirm with . or Enter, or press ? or * to list all spells.
A shadowy apparition takes form in the air.
Casting: Call Imp (safe; 2% risk of failure)
Confirm with . or Enter, or press ? or * to list all spells.
What are your orders? t - Shout!
Orders for allies: a - Attack new target. r - Retreat! s - Stop attacking. g - Guard the area. f - Follow me.
Anything else - Cancel.
Gang up on whom?
Press: ? - help, Dir - move target, f - steam dragon
Aim: a steam dragon (asleep, ally target) Attack!
Casting: Summon Small Mammal (safe; 1% risk of failure)
Confirm with . or Enter, or press ? or * to list all spells.
The steam dragon hisses angrily.
The steam dragon breathes steam at you. The ball of steam misses your hound.
The ball of steam hits you!
Unknown command.
Your hound is engulfed in a cloud of scalding steam.
Your shadow imp is engulfed in a cloud of scalding steam.
Your adder zombie is engulfed in a cloud of scalding steam.
Your hound is engulfed in a cloud of scalding steam.
Your iguana zombie is engulfed in a cloud of scalding steam.
Your shadow imp hits the steam dragon but does no damage.
The steam dragon breathes steam at you. The ball of steam hits you!
* * * LOW HITPOINT WARNING * * *
It was a potion of flight.
You feel very buoyant.
You fly up into the air.
You are engulfed in a cloud of scalding steam.
You die...
Your body rises from the dead as a mindless zombie.

..[...##.##.......##
..........#...##..#
#...#...##........
#.. #...##.#.....#
#.##...##..#...
##..§r§........#
##§§.§..#.#....
#..§..Z##.# ...
#...@$Z.#.. .#
##...§r§§..# #
#....§5§..#
#....hD..##
##?..#..## ########


You could see a friendly hound (summoned), a friendly shadow imp (summoned), a
friendly iguana zombie, a friendly adder zombie, a friendly quokka (summoned)
and a friendly rat (summoned).

Vanquished Creatures
  2 bats
  A giant cockroach (D:1)
  2 goblins (D:1)
  2 hobgoblins
  2 jackals (D:1)
  A quokka (D:1)
  3 ball pythons
  A frilled lizard (D:3)
  A kobold (D:1)
  3 rats
18 creatures vanquished.

Vanquished Creatures (collateral kills)
  An iguana (D:5)
  5 adders
  A worm (D:2)
  3 dart slugs
  An orc (D:3)
  3 ball pythons
  3 endoplasms
  2 giant cockroaches
  8 goblins
  6 hobgoblins
  A jackal (D:1)
  3 kobolds (D:2)
  6 quokkas
  5 bats
  2 frilled lizards
  8 rats
58 creatures vanquished.

Vanquished Creatures (others)
  2 bat zombies
  A quokka zombie (D:2)
  A rat zombie (D:2)
4 creatures vanquished.

Grand Total: 80 creatures vanquished

Notes
Turn   | Place    | Note
-------+----------+-------------------------------------------
     0 | D:1      | firemarshallily the Merfolk Summoner began the quest for
                  | the Orb.
     0 | D:1      | Reached XP level 1. HP: 13/13 MP: 3/3
   176 | D:1      | Found a faded altar of an unknown god.
   184 | D:1      | Prayed at the altar of an unknown god.
   184 | D:1      | Became a worshipper of Yredelemnul the Dark
   184 | D:1      | Reached * piety under Yredelemnul
   206 | D:1      | Reached XP level 2. HP: 19/19 MP: 3/5
   723 | D:1      | Learned a level 2 spell: Call Imp
   755 | D:1      | Reached ** piety under Yredelemnul
   909 | D:1      | Reached XP level 3. HP: 24/24 MP: 1/6
  1186 | D:1      | Learned a level 3 spell: Call Canine Familiar
  1423 | D:1      | Reached *** piety under Yredelemnul
  1936 | D:2      | Gained mutation: You have supernaturally acute eyesight.
                  | (SInv) [potion of mutation]
  2006 | D:2      | Reached XP level 4. HP: 19/30 MP: 2/8
  2926 | D:3      | Reached skill level 5 in Summonings
  2938 | D:3      | Reached XP level 5. HP: 11/35 MP: 6/9
  3959 | D:4      | Identified a scroll of acquirement
  3959 | D:4      | Acquired the -4 buckler "Helaol" {rC- rCorr MP+9 Int+8}
  4066 | D:4      | Noticed an ogre
  4070 | D:4      | Noticed Sigmund
  4078 | D:5      | Entered Level 5 of the Dungeon
  4274 | D:5      | Noticed a steam dragon
  4283 | D:5      | Engulfed by a steam dragon's steam

Illustrated notes

Levels and vault maps discovered:
D:1:      tarquinn_simple_flora_water_a, layout_loops_ring,
          chequers_ecumenical_altar_island, hangedman_abyss_or_decor_lesser_grid
D:2:      layout_rooms
D:3:      layout_loops_ring
D:4:      layout_basic, chequers_temple_overflow_statue_of_worship,
          minmay_temple_entry_gardened_gates, uniq_sigmund
D:5:      gammafunk_steamed_eel, layout_cave_pools

Skill      XL: |  1  2  3  4 |
---------------+-------------+-----
Dodging        | 3 |  3.0
Stealth        | 3 |  3.0
Spellcasting   | 3 |  3.4
Summonings     | 5 |  5.2
Shields        | |  0.4

Action                   |  1- 3 |  4- 6 || total
-------------------------+-------+-------++-------
Melee: Unarmed           |     3 |       ||     3
       Punch             |     3 |       ||     3
       Club              |    75 |    41 ||   116
 Cast: Summon Small Mamm |    41 |    24 ||    65
       Call Imp          |     8 |    10 ||    18
       Call Canine Famil |     3 |     6 ||     9
Invok: Recall Undead Har |     1 |     3 ||     4
       Dark Bargain      |       |     2 ||     2
  Use: Scroll            |     3 |     2 ||     5
       Potion            |     1 |     1 ||     2
 Stab: Sleeping          |       |     2 ||     2
Armor: Robe              |    22 |    16 ||    38
Dodge: Dodged            |   107 |    42 ||   149
